 Dungeon Crawl Stone Soup version 0.29-a0-323-g050149af67 (webtiles) character file.

Game seed: 16187145090542317443

9 GigaChad the Skirmisher (level 2, -3/24 HPs)
             Began as a Demonspawn Chaos Knight on Apr 11, 2022.
             Was a Plaything of Xom.
             Slain by a swamp drake (4 damage)
             ... on level 1 of the Dungeon.
             The game lasted 00:00:39 (155 turns).

GigaChad the Skirmisher (Demonspawn Chaos Knight)    Turns: 155, Time: 00:00:40

Health: -3/24      AC:  6    Str: 12    XL:     2   Next: 6%
Magic:  2/2        EV: 11    Int: 13    God:    Xom [..*...]
Gold:   11         SH:  0    Dex: 12    Spells: 1/1 levels left

rFire   . . .      SeeInvis .   a - +0 falchion (chaos)
rCold   . . .      Faith    .   (no shield)
rNeg    . . .      Spirit   .   b - +2 leather armour
rPois   .          Reflect  .   (no helmet)
rElec   .          Harm     .   (no cloak)
rCorr   .          Rampage  .   (no gloves)
Will    .....                   (no boots)
Stlth   +.........              (no amulet)
HPRegen 0.08/turn               (no ring)
MPRegen 0.08/turn               (no ring)

@: no status effects
A: rugged brown scales 1
a: Renounce Religion


You were on level 1 of the Dungeon.
You worshipped Xom.
You were a toy of Xom.
You visited 1 branch of the dungeon, and saw 1 of its levels.

You collected 11 gold pieces.

Inventory:

Hand Weapons
 a - a +0 falchion of chaos (weapon)
Armour
 b - a +2 leather armour (worn)
Potions
 d - a potion of heal wounds {unknown}
Miscellaneous
 c - a piece from Xom's chessboard (15/15) (quivered)


   Skills:
 + Level 3.1 Fighting
 + Level 3.0 Long Blades
 + Level 2.0 Armour
 + Level 0.8 Dodging


You had one spell level left.
You didn't know any spells.
Your spell library was empty.

Dungeon Overview and Level Annotations

Branches:
Dungeon (1/15)

Altars:


Innate Abilities, Weirdness & Mutations

You are partially covered in rugged brown scales. (AC +1, +3% HP)


Message History

The bat hits you. The bat attacks as you move away!
The bat hits you but does no damage. The bat hits you.
The bat hits you but does no damage. The bat attacks as you move away!
The bat hits you but does no damage. The bat completely misses you.
The bat hits you but does no damage. The bat hits you but does no damage.
You miss the bat. The bat closely misses you.
You barely miss the bat. The bat barely misses you. x3
You hit the bat.
The bat evaporates and reforms as a swamp drake!
The swamp drake is heavily wounded.
The swamp drake breathes poison at you.
The noxious blast engulfs you but does no damage.
You are poisoned.
You closely miss the swamp drake.
The swamp drake is heavily wounded.
You are engulfed in noxious fumes.
You choke on the stench!
You are confused.
You feel sick. The swamp drake barely misses you.
You are engulfed in noxious fumes.
You choke on the stench!
You are more confused.
You feel sick.
You are no longer poisoned.
The swamp drake bites you!
You closely miss the swamp drake.
The swamp drake is heavily wounded.
The swamp drake bites you.
You bump into the rock wall.
You feel less confused. The swamp drake bites you!
* * * LOW HITPOINT WARNING * * *
You closely miss the swamp drake.
The swamp drake is heavily wounded.
The swamp drake closely misses you.
You hit the swamp drake but do no damage.
The swamp drake is heavily wounded.
The swamp drake bites you.
You die...
Xom snickers!

##....###.........##.
#........#^......##
#.###.##.##.....##
#.###.##.###...##
#.##..##.# ##'##
#.##.###.# #.# #.##.#
#.# #.#
#.##.###.####.##
#...........k@.##
##.#.#.####.....#
#.##.#..# ##...## #.
#...... ##.## #.
###..#.# #.# ##
#.##...... ... ....##
#### ####


You could see a swamp drake.

Vanquished Creatures
  A dart slug (D:1)
  2 bats (D:1)
  2 hobgoblins (D:1)
  A ball python (D:1)
  A frilled lizard (D:1)
  A goblin (D:1)
8 creatures vanquished.

Notes
Turn   | Place    | Note
-------+----------+-------------------------------------------
     0 | D:1      | GigaChad the Demonspawn Chaos Knight began the quest for
                  | the Orb.
     0 | D:1      | Reached XP level 1. HP: 18/18 MP: 1/1
   107 | D:1      | Gained mutation: You are partially covered in rugged brown
                  | scales. (AC +1, +3% HP) [demonic ancestry]
   107 | D:1      | Reached XP level 2. HP: 18/24 MP: 2/2
   147 | D:1      | Noticed a swamp drake
   147 | D:1      | a bat changed into a swamp drake
   153 | D:1      | HP: 1/24 [swamp drake (7)]
   155 | D:1      | Slain by a swamp drake

Illustrated notes

Levels and vault maps discovered:
D:1:      minmay_arrival_nine_rooms, layout_loops_corners,
          minmay_misc_feat_roman

Skill      XL: |  1 |
---------------+----+-----
Long Blades    | 3 |  3.0
Armour         | 2 |  2.0
Fighting       | |  3.1
Dodging        | |  0.8

Action                   || total
-------------------------++-------
Melee: Falchion          ||    33
Armor: Leather armour    ||    19
Dodge: Dodged            ||    26

Table legend: (Time is in decaauts)
 A = Elapsed time spent in this place.
 B = Non-inter-level travel time spent in this place.
 C = Inter-level travel time spent in this place.
 D = Time resting spent in this place.
 E = Time spent auto-exploring this place.
 F = Levels seen in this place.
 G = Mean time per level.
                   A        B        C        D        E       F      G
               +--------+--------+--------+--------+--------+-----+--------+
         Total |    159 |    159 |      0 |      0 |     16 |   1 |  159.0 |
       Dungeon |    159 |    159 |      0 |      0 |     16 |   1 |  159.0 |
               +--------+--------+--------+--------+--------+-----+--------+

Top non-repeatable levels by time:
     D:1: 159 daAuts
